 Dungeon Crawl Stone Soup version 0.25-a0-67-g7dccc1bee0 (webtiles) character file.

Game seed: 13328684611238566128, levelgen mode: deterministic

300 iamserjio the Skirmisher (level 6, -8/45 HPs)
             Began as an Octopode Abyssal Knight on Nov 1, 2019.
             Was a Believer of Lugonu.
             Mangled by Pikel
             ... wielding a +2 whip of electrocution
              (18 damage)
             ... on level 4 of the Dungeon.
             The game lasted 00:03:04 (3428 turns).

iamserjio the Skirmisher (Octopode Abyssal Knight)  Turns: 3428, Time: 00:03:05

Health: -8/45      AC:  1    Str: 12    XL:     6   Next: 36%
Magic:  7/7        EV: 10    Int: 14    God:    Lugonu [**....]
Gold:   184        SH: 11    Dex: 13    Spells: 5/5 levels left

rFire    . . .     SeeInvis .   p - +0 hand axe (distort)
rCold    . . .     Gourm    .   q - +0 large shield
rNeg     . . .     Faith    .   (helmet restricted)
rPois    .         Spirit   .   (no amulet)
rElec    .         Reflect  .   (no ring)
rCorr    .         Harm     .   (no ring)
MR       .....                  (no ring)
Stlth    ++........             (no ring)
HPRegen  0.15/turn              (no ring)
MPRegen  0.10/turn              (no ring)
                                (no ring)
                                (no ring)

@: slowed, very slow
A: almost no armour, stealthy swim, amphibious, 8 rings, constrict 8, camouflage
1, gelatinous body 1
a: Depart the Abyss, Bend Space, Renounce Religion


You were on level 4 of the Dungeon.
You worshipped Lugonu.
Lugonu was pleased with you.
You were not hungry.

You visited 1 branch of the dungeon, and saw 4 of its levels.
You visited the Abyss 1 time.

You collected 184 gold pieces.

Inventory:

Hand Weapons
 a - a +1 short sword
 p - a +0 hand axe of distortion (weapon)
 s - a +2 mace of protection
Missiles
 f - 33 poisoned darts (quivered)
Armour
 q - a +0 large shield (worn)
Wands
 j - a wand of random effects (15)
 r - a wand of paralysis (7)
Scrolls
 c - 4 scrolls of identify {unknown}
 e - a scroll of noise {unknown}
 h - 2 scrolls of fear {unknown}
 m - a scroll of immolation {unknown}
 n - 2 scrolls of blinking {unknown}
 v - 2 scrolls of remove curse {unknown}
 x - 3 scrolls of teleportation {unknown}
 y - a scroll of fog {unknown}
Potions
 d - a potion of cancellation {unknown}
 g - 2 potions of mutation {unknown}
 k - 2 potions of lignification {unknown}
 l - 3 potions of curing {unknown}
 o - 2 potions of haste {unknown}
 t - a potion of flight {unknown}
 u - a potion of berserk rage {unknown}
 w - a potion of might {unknown}
Comestibles
 b - 7 rations


   Skills:
 * Level 5.3 Fighting
 - Level 2.0 Short Blades
 + Level 4.2 Dodging
 + Level 2.2 Shields
 - Level 2.0 Invocations


You had 5 spell levels left.
You didn't know any spells.
Your spell library contained the following spells:

 Spells                   Type           Power        Failure   Level  Hunger
 Beastly Appendage        Tmut           #.....       99%         1    ##.....
 Sticks to Snakes         Tmut           #.......     100%        2    ###....
 Spider Form              Tmut/Pois      #.........   100%        3    ####...
 Ice Form                 Ice/Tmut       #.......     100%        4    #####..
 Blade Hands              Tmut           #.........   100%        5    ######.


Dungeon Overview and Level Annotations

Branches:
Dungeon (4/15)
 Temple: D:4-7

Altars:
Fedhas
Gozag
Qazlal
Xom
Zin

Annotations:
D:4 Duvessa, Ijyb, Pikel


Innate Abilities, Weirdness & Mutations

You cannot wear most types of armour.
You are very stealthy in the water. (Stealth+)
You are amphibious.
You can wear up to eight rings at the same time.
You can use your tentacles to constrict eight enemies at once.
Your skin changes colour to match your surroundings (Stealth+).
Your rubbery body absorbs attacks. (AC +1, EV +1)


Message History

The orc wizard casts a spell.
The orc wizard blinks!
Aiming: Paralyse
Aim: Ijyb, wielding a +0 club, wearing a +0 leather armour and carrying a wand of polymorph (8) (chance to defeat MR: 54%) Ijyb resists with significant effort.
Ijyb closely misses you.
All of the chunks of flesh in your inventory have rotted away.
Aiming: Paralyse
Aim: Ijyb, wielding a +0 club, wearing a +0 leather armour and carrying a wand of polymorph (8) (chance to defeat MR: 54%) Ijyb suddenly stops moving!
The orc wizard gestures wildly while chanting.
The orc wizard blinks!
The helpless Ijyb fails to defend herself.
You hit Ijyb. You grab Ijyb.
Ijyb disappears!
You lose your grip on something.
You block Pikel's attack.
You hit Pikel.
Space bends around Pikel.
Your grab misses Pikel. Your squeeze misses Pikel.
Pikel hits you with a +2 whip of electrocution. x2
* * * LOW HITPOINT WARNING * * *
You are electrocuted!!
You die...

..#..##.#
.....#.#
......## #.##
... ..#
../.o##o##.$#
#..p.p...#
####prp..#
##K#### #@#
.. ##.# #.#
#..# #..
##.##
#.####..#
#......##
##.....#
#..##.#
#.)##.#####


You could see Pikel, 4 slaves, an orc and a quokka.

Vanquished Creatures
  Eustachio (D:4)
  Dowan (D:4)
  An orc wizard (D:4)
  Terence (D:3)
  An adder (D:2)
  An ooze (D:2)
  A worm (D:2)
  A dart slug (D:1)
  A leopard gecko (D:1)
  An orc (D:3)
  3 ball pythons
  2 giant cockroaches (D:1)
  3 goblins
  7 hobgoblins
  3 jackals (D:3)
  6 kobolds
  6 bats
  5 frilled lizards
  3 rats
  A butterfly (D:2)
49 creatures vanquished.

Notes
Turn   | Place    | Note
-------+----------+-------------------------------------------
     0 | Abyss:1  | iamserjio the Octopode Abyssal Knight began the quest for
                  | the Orb.
     0 | Abyss:1  | Reached XP level 1. HP: 16/16 MP: 2/2
    16 | D:1      | Escaped the Abyss
   126 | D:1      | Reached XP level 2. HP: 12/21 MP: 3/3
   734 | D:1      | Reached ** piety under Lugonu
   734 | D:1      | Reached XP level 3. HP: 17/26 MP: 4/4
   887 | D:2      | Found a shimmering altar of Xom.
  1448 | D:2      | Found a glowing silver altar of Zin.
  1571 | D:2      | Found a stormy altar of Qazlal.
  1571 | D:2      | Found an opulent altar of Gozag.
  1897 | D:3      | Noticed Terence
  1898 | D:3      | Found a blossoming altar of Fedhas.
  1911 | D:3      | Killed Terence
  1911 | D:3      | Reached skill level 4 in Fighting
  1911 | D:3      | Reached XP level 4. HP: 6/33 MP: 5/5
  2957 | D:4      | Noticed Eustachio
  2972 | D:4      | Killed Eustachio
  2972 | D:4      | Reached skill level 5 in Fighting
  2972 | D:4      | Reached skill level 1 in Shields
  2972 | D:4      | Reached XP level 5. HP: 10/39 MP: 6/6
  3208 | D:4      | Noticed Duvessa
  3211 | D:4      | Noticed Dowan
  3215 | D:4      | Killed Dowan
  3215 | D:4      | Reached XP level 6. HP: 44/45 MP: 7/7
  3405 | D:4      | Noticed Ijyb
  3408 | D:4      | Noticed a slave
  3409 | D:4      | Noticed a slave
  3410 | D:4      | Noticed Pikel
  3413 | D:4      | Noticed a slave
  3413 | D:4      | Noticed a slave
  3428 | D:4      | Mangled by Pikel

Levels and vault maps discovered:
D:1:      dpeg_arrival_round_c, layout_basic
D:2:      layout_basic, xom_butterflies, gammafunk_temple_overflow_elements,
          serial_forest, infiniplex_forest_lined_room_3,
          infiniplex_forest_clump_double, infiniplex_forest_clump_double,
          infiniplex_forest_clump_small, infiniplex_forest_lined_room_,
          infiniplex_forest_clump_double, infiniplex_forest_clump_large,
          first_ration, kennysheep_small_spiral, lemuel_statue_altar
D:3:      layout_loops_corners, fedhas_altar_fruit_tree, uniq_terence
D:4:      layout_basic, hangedman_decor_clover_reticule, uniq_menkaure,
          uniq_ijyb, uniq_pikel, uniq_duvessa, uniq_eustachio

Skill      XL: |  1  2  3  4  5 |
---------------+----------------+-----
Dodging        | 3 4 |  4.2
Fighting       | 4 5 |  5.3
Shields        | 1 2 |  2.2
Short Blades   | |  2.0
Invocations    | |  2.0

Action                   |  1- 3 |  4- 6 || total
-------------------------+-------+-------++-------
Melee: Short sword       |    52 |       ||    52
       Constrict         |    23 |    14 ||    37
       Tentacles         |    13 |     7 ||    20
       Hand axe          |    13 |    46 ||    59
Evoke: Wand              |     1 |     4 ||     5
  Use: Potion            |       |     1 ||     1
 Stab: Sleeping          |     9 |     4 ||    13
       Paralysed         |       |     1 ||     1
  Eat: Chunk             |     3 |     5 ||     8
Armor: Skin              |     6 |     2 ||     8
Dodge: Dodged            |    23 |     9 ||    32
Block: Large shield      |     3 |    29 ||    32

Table legend:
 A = Non-vault XP
 B = Vault XP
 C = Vault XP percentage of total XP
 D = Non-vault monster count
 E = Vault monster count
 F = Vault count percentage of total count
                 A         B        C        D         E       F
            +---------+---------+-------+---------+---------+-------
      Total |     136 |     293 |  68.3 |      45 |       3 |   6.2
            +---------+---------+-------+---------+---------+-------
        D:1 |      34 |       0 |   0.0 |      20 |       0 |   0.0
        D:2 |      33 |       0 |   0.0 |       8 |       0 |   0.0
        D:3 |      27 |      36 |  57.1 |      16 |       1 |   5.9
        D:4 |      42 |     257 |  86.0 |       1 |       2 |  66.7
            +---------+---------+-------+---------+---------+-------
